Map: Triton LE

Players

Chowster

  • Race: Protoss Protoss
  • League: Bronze
  • Spawn Location: 5:00

xSaintApocx - Winner!

  • Race: Terran Terran
  • League: Bronze
  • Spawn Location: 11:00

VOD

Have the link to the VOD?

Description

Time

  • Played on: Nov. 27, 2019, 12:52 a.m.
  • Length: 19:50
Show
View Real Time Build Order
Export as new Build Order

Chowster Protoss 

Build Orders: Phoenix Opening 

Get SALT Encoding   

  12  0:02  Probe (Chrono Boost)  
  13  0:13  Probe (Chrono Boost)  
  14  0:23  Pylon  
  14  0:29  Assimilator, Probe  
  15  0:44  Gateway  
  15  1:01  Gateway  
  15  1:08  Probe  
  16  1:17  Assimilator  
  16  1:21  Pylon  
  16  1:36  Cybernetics Core  
  16  1:39  Zealot  
  18  1:45  Probe  
  19  1:57  Probe  
  20  2:09  Probe  
  21  2:20  Stalker  
  21  2:22  Stalker  
  25  2:27  Stargate  
  25  2:31  Probe  
  26  2:55  Stalker  
  26  2:57  Stalker  
  30  2:59  Protoss Air Weapons Level 1 (Chrono Boost)  
  30  3:33  Pylon  
  30  3:43  Pylon  
  30  3:49  Pylon  
  30  3:51  Phoenix, Stalker  
  34  4:16  Stargate  
  34  4:18  Probe  
  34  4:21  Phoenix  
  37  4:30  Probe, Forge  
  38  4:35  Stalker  
  40  4:49  Pylon  
  40  5:04  Probe  
  40  5:06  Phoenix  
  43  5:12  Phoenix  
  45  5:23  Photon Cannon  
  45  5:29  Pylon  
  45  5:35  Phoenix  
  47  5:51  Stalker  
  45  7:10  Nexus  
  45  7:14  Warp Gate (Chrono Boost)  
  45  7:16  Pylon  
  45  7:26  Assimilator  
  45  7:27  Stalker  
  47  7:30  Assimilator  
  47  7:59  Nexus  
  47  8:00  Void Ray x2  
  55  8:06  Protoss Ground Weapons Level 1 (Chrono Boost)  
  55  8:26  Probe  
  56  8:31  Stalker  
  58  8:38  Probe  
  59  8:50  Probe  
  59  8:53  Protoss Air Armor Level 1 (Chrono Boost)  
  59  8:54  Fleet Beacon  
  60  9:02  Probe, Pylon  
  61  9:09  Assimilator  
  61  9:15  Assimilator  
  61  9:16  Probe (Chrono Boost)  
  62  9:20  Pylon  
  62  9:22  Probe (Chrono Boost)  
  64  9:32  Probe (Chrono Boost)  
  64  9:38  Probe (Chrono Boost)  
  64  9:40  Probe (Chrono Boost)  
  64  9:42  Stalker  
  68  9:49  Probe (Chrono Boost)  
  69  9:53  Probe (Chrono Boost)  
  69  9:57  Probe  
  71  10:02  Stargate  
  71  10:05  Probe  
  72  10:10  Stargate  
  72  10:11  Unknown  
  72  10:19  Tempest x2  
  82  10:28  Stalker  
  84  10:37  Probe (Chrono Boost)  
  85  10:47  Probe (Chrono Boost)  
  86  10:52  Probe (Chrono Boost)  
  86  10:55  Probe  
  88  10:59  Stalker  
  88  11:03  Probe  
  91  11:06  Tempest  
  91  11:07  Probe  
  97  11:15  Probe  
  97  11:18  Tempest  
  98  11:19  Probe  
  98  11:25  Protoss Air Weapons Level 2 (Chrono Boost)  
  104  11:27  Probe  
  104  11:31  Probe  
  106  11:39  Probe  
  107  11:40  Stalker  
  109  11:51  Probe  
  109  11:54  Probe  
  111  11:55  Tempest  
  111  11:57  Tempest  
  121  12:03  Probe  
  121  12:05  Stalker  
  121  12:06  Probe  
  125  12:27  Nexus  
  125  12:29  Pylon  
  125  12:31  Pylon  
  125  12:33  Pylon  
  125  12:36  Assimilator  
  124  12:44  Probe  
  124  12:51  Tempest x3 (Chrono Boost)  
  139  13:03  Stalker  
  141  13:20  Robotics Facility  
  141  13:25  Stargate  
  141  13:30  Stargate  
  141  13:42  Tempest x3  
  141  13:48  Probe (Chrono Boost)  
  158  13:59  Probe (Chrono Boost)  
  158  14:00  Probe (Chrono Boost)  
  159  14:04  Probe (Chrono Boost)  
  159  14:07  Probe  
  161  14:14  Probe  
  162  14:19  Probe  
  163  14:26  Probe  
  164  14:40  Pylon  
  164  14:41  Pylon  
  164  14:43  Probe  
  164  14:44  Pylon  
  163  14:55  Probe  
  163  14:59  Tempest  
  41  17:18  Probe, Gateway  
  42  17:30  Probe  
  43  17:42  Probe  
  44  17:54  Probe  
  37  18:06  Probe  
  37  18:08  Cybernetics Core  
  29  18:19  Probe  
  30  18:31  Probe  
  31  18:34  Pylon  
  31  18:43  Probe  
  31  18:47  Stargate  
  32  18:49  Stargate  
  32  18:51  Stargate  
  32  18:53  Pylon  
  32  18:55  Probe  
  33  19:00  Pylon  
  33  19:07  Probe  
  33  19:09  Assimilator  
  34  19:14  Probe  
  35  19:19  Probe  
  36  19:26  Probe  
  36  19:31  Probe  
Show
View Real Time Build Order
Export as new Build Order

xSaintApocx Terran - Winner!

Build Orders:  

Get SALT Encoding   

  12  0:01  SCV  
  13  0:13  SCV  
  14  0:25  SCV, Supply Depot  
  15  0:32  Supply Depot  
  15  0:47  SCV, Barracks  
  16  0:59  SCV  
  16  1:03  Refinery  
  18  1:11  SCV  
  18  1:23  SCV  
  19  1:34  Refinery  
  19  1:39  Orbital Command  
  19  1:53  Command Center  
  19  1:56  Marine  
  20  2:04  SCV  
  21  2:16  SCV  
  22  2:32  Barracks Reactor  
  22  2:36  Factory  
  22  2:43  SCV  
  23  2:49  Supply Depot  
  23  2:55  SCV  
  24  3:07  SCV  
  24  3:10  Engineering Bay  
  25  3:19  SCV  
  26  3:31  SCV  
  27  3:36  Refinery  
  27  3:37  Planetary Fortress, Refinery  
  27  3:52  Missile Turret x2  
  27  3:57  Missile Turret  
  27  4:05  Missile Turret  
  27  4:17  Factory Tech Lab  
  27  4:21  Starport  
  27  4:23  Starport  
  27  4:24  SCV  
  28  4:36  SCV  
  29  4:38  Marine x2  
  31  4:56  Marine x2  
  31  4:58  Missile Turret  
  33  5:13  Starport Tech Lab  
  33  5:14  Marine x2  
  33  5:19  Fusion Core  
  35  5:23  Armory  
  35  5:24  Armory  
  35  5:32  Marine  
  35  5:33  Supply Depot x2  
  35  5:35  SCV  
  37  5:47  Marine, SCV  
  39  5:56  Supply Depot  
  39  5:59  Marine, SCV  
  41  6:08  SCV  
  42  6:11  SCV  
  43  6:20  SCV  
  43  6:23  SCV  
  43  6:33  SCV  
  43  6:35  SCV  
  45  6:45  SCV  
  46  6:48  SCV  
  47  6:58  Battlecruiser x2  
  59  7:02  Weapon Refit  
  59  7:05  Terran Ship Weapons Level 1  
  59  7:06  Terran Vehicle And Ship Armor Level 1  
  59  7:19  Starport  
  59  7:23  Starport  
  59  7:29  Supply Depot  
  59  7:32  Supply Depot  
  59  7:35  Supply Depot  
  59  7:46  Command Center  
  59  7:55  Starport Tech Lab  
  59  8:03  Starport Tech Lab  
  59  8:40  Battlecruiser x3  
  77  9:16  Planetary Fortress  
  77  9:40  Refinery  
  77  9:41  Refinery  
  77  9:47  SCV  
  77  9:52  Battlecruiser x2  
  90  9:53  Battlecruiser  
  90  9:59  SCV  
  97  10:05  Missile Turret  
  97  10:07  Missile Turret  
  97  10:10  Terran Ship Weapons Level 2  
  97  10:26  SCV  
  98  10:36  Terran Vehicle And Ship Armor Level 2  
  98  10:38  SCV  
  98  10:41  SCV  
  100  10:50  SCV  
  100  10:53  SCV, Supply Depot  
  100  10:54  Supply Depot  
  100  10:55  Supply Depot  
  102  10:58  Battlecruiser, Supply Depot  
  102  11:02  SCV  
  109  11:05  SCV  
  109  11:06  Battlecruiser  
  116  11:14  SCV  
  116  11:17  SCV  
  118  11:19  Supply Depot  
  118  11:22  Supply Depot  
  118  11:27  Battlecruiser  
  118  11:29  SCV  
  125  11:59  Battlecruiser  
  131  12:03  Battlecruiser  
  137  12:20  Command Center  
  137  12:25  Refinery  
  137  12:29  Refinery  
  137  13:08  Battlecruiser  
  137  13:09  Battlecruiser  
  137  13:10  Missile Turret  
  137  13:11  Missile Turret  
  155  13:14  Terran Vehicle And Ship Armor Level 3  
  155  13:19  Terran Ship Weapons Level 3  
  149  13:32  Battlecruiser  
  155  13:39  Planetary Fortress  
  155  14:19  Battlecruiser x2  
  167  14:35  SCV  
  168  14:40  Battlecruiser  
  168  14:41  Battlecruiser  
  180  14:57  Supply Depot  
  180  14:58  Supply Depot  
  179  15:00  SCV  
  179  15:02  Supply Depot  
  179  15:04  Supply Depot  
  177  15:12  SCV  
  172  15:24  SCV  
  173  15:36  SCV  
  163  17:02  Battlecruiser x2  
  163  17:03  Battlecruiser x2  
  187  17:27  Command Center  
  187  17:29  Refinery  
  187  17:36  Missile Turret  
  187  17:37  Refinery  
  184  17:53  Supply Depot  
  184  17:55  Supply Depot  
  184  17:56  Supply Depot  
  184  17:57  Missile Turret, Supply Depot  
  182  18:07  Battlecruiser  
  200  19:02  Planetary Fortress  
Tags
 
Add a new tag
Caveats
  • Supply blocks, unpowered buildings, or Contaminate may cause inaccurate times.
  • Supply counts are checked every 10 seconds.